 Dungeon Crawl Stone Soup version 0.28-a0-500-g121bc3e445 (webtiles) character file.

Game seed: 15128826045816204352

74 speeev33 the Vandal (level 4, -2/39 HPs)
             Began as a Minotaur Hunter on Sept 19, 2021.
             Slain by Grinder (4 damage)
             ... on level 3 of the Dungeon.
             The game lasted 00:03:48 (1945 turns).

speeev33 the Vandal (Minotaur Hunter)               Turns: 1945, Time: 00:03:49

Health: -2/39      AC:  3    Str: 17    XL:     4   Next: 10%
Magic:  3/3        EV: 11    Int:  8    God:
Gold:   77         SH:  0    Dex: 11    Spells: 3/3 levels left

rFire   . . .      SeeInvis .   a - +1 hunting sling (freeze)
rCold   . . .      Faith    .   (no shield)
rNeg    . . .      Spirit   .   c - +0 leather armour
rPois   .          Reflect  .   (helmet restricted)
rElec   .          Harm     .   (no cloak)
rCorr   .          Rampage  .   (no gloves)
Will    .....                   (no boots)
Stlth   +.........              (no amulet)
HPRegen 0.13/turn               (no ring)
MPRegen 0.08/turn               (no ring)

@: no status effects
A: horns 2, retaliatory headbutt
a: no special abilities


You were on level 3 of the Dungeon.
You visited 1 branch of the dungeon, and saw 3 of its levels.

You collected 77 gold pieces.

Inventory:

Hand Weapons
 a - a +1 hunting sling of freezing (weapon)
 b - a +0 short sword of protection
Missiles
 d - 14 sling bullets (quivered ammo)
 e - 52 stones
Armour
 c - a +0 leather armour (worn)
Jewellery
 f - a ring of willpower
 h - a ring of ice
Scrolls
 l - a scroll of identify
Potions
 g - a potion of curing
 i - a potion of attraction {unknown}
 j - a potion of degeneration {unknown}
 k - a potion of heal wounds {unknown}


   Skills:
 + Level 3.6 Fighting
 + Level 5.1 Slings
 + Level 2.4 Armour
 - Level 2.1 Dodging
 - Level 0.7 Stealth


You had 3 spell levels left.
You didn't know any spells.
Your spell library contained the following spells:

 Spells                   Type           Power      Damage    Failure   Level
 Gell's Gravitas          Tloc           0%         N/A       83%         3
 Teleport Other           Tloc           0%         N/A       83%         3
 Dispersal                Tloc           0%         N/A       100%        6


Dungeon Overview and Level Annotations

Branches:
Dungeon (3/15)

Altars:

Annotations:
D:3 Grinder


Innate Abilities, Weirdness & Mutations

You have a pair of horns on your head.
You reflexively headbutt those who attack you in melee.


Message History

Pain shoots through your body!
Fire: 19 sling bullets
Press: ? - help, Q - select action, (/) - cycle Shift-Dir - straight line, f/p - Grinder
Aim: Grinder (almost dead, 57% to hit)
You shoot a sling bullet.
The sling bullet closely misses Grinder.
Grinder gestures at you.
You suddenly lose the ability to move!
Grinder gestures at you.
You shrug off the repeated paralysis!
Grinder gestures at you. You resist with significant effort.
You can move again.
Fire: 18 sling bullets
Press: ? - help, Q - select action, (/) - cycle Shift-Dir - straight line, f/p - Grinder
Aim: Grinder (almost dead, 57% to hit)
You shoot a sling bullet.
The sling bullet closely misses Grinder.
Fire: 17 sling bullets
Press: ? - help, Q - select action, (/) - cycle Shift-Dir - straight line, f/p - Grinder
Aim: Grinder (severely wounded, 57% to hit)
You shoot a sling bullet.
The sling bullet hits Grinder but does no damage.
Grinder is severely wounded.
Grinder barely misses you.
Fire: 16 sling bullets
Press: ? - help, Q - select action, (/) - cycle Shift-Dir - straight line, f/p - Grinder
Aim: Grinder (severely wounded, 57% to hit)
You shoot a sling bullet. The sling bullet barely misses Grinder.
Grinder gestures at you. Pain shoots through your body!
* * * LOW HITPOINT WARNING * * *
Fire: 15 sling bullets
Press: ? - help, Q - select action, (/) - cycle Shift-Dir - straight line, f/p - Grinder
Aim: Grinder (severely wounded, 57% to hit)
You shoot a sling bullet.
The sling bullet hits Grinder but does no damage.
Grinder is severely wounded.
Grinder hits you.
You die...

#.### #....... #......##....#
#.......
#(.....#.....####.......
<(.).................#.
.(.(........##...####.
#(#...........### ##
...........### ## #.#.
#5........##### ##.
#...####(@.##........# #..
#..##..(...#.[..#..#.###.#
###.##.##(....#####.......#
#......#....### #####..##
#......#..#.# #.....
#........##.##########<....
#..........................
####.#####..#.######..####..#
#......# ##.#.###.....# ##.#


You could see Grinder.

Vanquished Creatures
  2 adders
  4 ball pythons
  9 bats
  6 endoplasms
  5 giant cockroaches (D:1)
  2 goblins
  5 hobgoblins
  3 jackals (D:1)
  3 frilled lizards
  4 kobolds
  7 rats
50 creatures vanquished.

Notes
Turn   | Place    | Note
-------+----------+-------------------------------------------
     0 | D:1      | speeev33 the Minotaur Hunter began the quest for the Orb.
     0 | D:1      | Reached XP level 1. HP: 18/18 MP: 0/0
   291 | D:1      | Reached skill level 1 in Armour
   293 | D:1      | Reached XP level 2. HP: 25/25 MP: 1/1
   607 | D:1      | Found a faded altar of an unknown god.
   612 | D:1      | Reached XP level 3. HP: 31/31 MP: 2/2
  1379 | D:2      | Reached skill level 5 in Slings
  1744 | D:3      | Reached XP level 4. HP: 39/39 MP: 3/3
  1922 | D:3      | Noticed Grinder
  1938 | D:3      | Paralysed by Grinder for 3 turns
  1945 | D:3      | Slain by Grinder

Illustrated notes

Levels and vault maps discovered:
D:1:      dpeg_arrival_short_road, layout_loops_corners,
          chequers_ecumenical_altar_simple
D:2:      layout_basic
D:3:      layout_rooms, uniq_grinder

Skill      XL: |  1  2  3 |
---------------+----------+-----
Armour         | 1 2 |  2.4
Fighting       | 3 |  3.6
Slings         | 5 |  5.1
Dodging        | |  2.1
Stealth        | |  0.7

Action                   |  1- 3 |  4- 6 || total
-------------------------+-------+-------++-------
 Fire: Hunting sling     |   103 |    23 ||   126
  Use: Scroll            |     3 |       ||     3
Armor: Leather armour    |     3 |     1 ||     4
Dodge: Dodged            |     9 |     2 ||    11

Table legend: (Time is in decaauts)
 A = Elapsed time spent in this place.
 B = Non-inter-level travel time spent in this place.
 C = Inter-level travel time spent in this place.
 D = Time resting spent in this place.
 E = Time spent auto-exploring this place.
 F = Levels seen in this place.
 G = Mean time per level.
                   A        B        C        D        E       F      G
               +--------+--------+--------+--------+--------+-----+--------+
         Total |   1941 |   1867 |     74 |      0 |   1606 |   3 |  647.0 |
       Dungeon |   1941 |   1867 |     74 |      0 |   1606 |   3 |  647.0 |
               +--------+--------+--------+--------+--------+-----+--------+

Top non-repeatable levels by time:
     D:1: 890 daAuts
     D:2: 798 daAuts
     D:3: 252 daAuts
